 Dungeon Crawl Stone Soup version 0.20-a0-1008-g0de3dc5 (webtiles) character file.

91 Monsterracer the Firebug (level 4, -2/24 HPs)
             Began as a Deep Elf Fire Elementalist on Apr 14, 2017.
             Engulfed by a cloud of steam (10 damage)
             ... on level 3 of the Dungeon.
             The game lasted 00:05:14 (2152 turns).

Monsterracer the Firebug (DEFE)                     Turns: 2152, Time: 00:05:14

Health: -2/24      AC:  5    Str:  7    XL:     4   Next: 34%
Magic:  10/11      EV: 13    Int: 21    God:
Gold:   113        SH:  0    Dex: 15    Spells: 2/10 levels left

rFire    . . .     SeeInvis .   n - +2 dagger (venom)
rCold    . . .     Gourm    .   (no shield)
rNeg     . . .     Faith    .   a - +0 robe
rPois    .         Spirit   .   (no helmet)
rElec    .         Reflect  .   (no cloak)
rCorr    .         Harm     .   e - +0 pair of gloves
MR       .....                  (no boots)
Stlth    +.........             (no amulet)
Regen    0.0/turn               j - ring of wizardry
MPRegen  0.2/turn               (no ring)

@: very slow
A: iridescent scales 1, blurry vision 1, inhibited regeneration, strong 1
a: no special abilities


You were on level 3 of the Dungeon.
You were hungry.

You visited 1 branch of the dungeon, and saw 3 of its levels.

You collected 113 gold pieces.

Inventory:

Hand Weapons
 n - a +2 dagger of venom (weapon)
Armour
 a - a +0 robe (worn)
 e - a +0 pair of gloves (worn)
Jewellery
 j - a ring of wizardry (left hand)
Scrolls
 d - a scroll of recharging {unknown}
 f - a scroll of noise {unknown}
 g - a scroll of fear {unknown}
 h - 3 scrolls of identify {unknown}
 i - a scroll of amnesia {unknown}
 l - 8 scrolls of teleportation {unknown}
Books
 b - a book of Flames

   Spells                             Type                      Level
   a - Flame Tongue                   Conjuration/Fire             1
   b - Throw Flame                    Conjuration/Fire             2
   c - Conjure Flame                  Conjuration/Fire             3
   d - Inner Flame                    Hexes/Fire                   3
   e - Sticky Flame                   Conjuration/Fire             4
   f - Fireball                       Conjuration/Fire             5
Comestibles
 c - 4 bread rations
 k - a meat ration
 m - 2 fruits


   Skills:
 - Level 2.4 Dodging
 - Level 2.4 Stealth
 + Level 3.8 Spellcasting
 * Level 3.1 Conjurations
 * Level 4.3 Fire Magic


You had 2 spell levels left.
You knew the following spells:

 Your Spells              Type           Power        Failure   Level  Hunger
a - Flame Tongue          Conj/Fire      ###..        1%          1    None
b - Conjure Flame         Conj/Fire      ###.....     4%          3    ###....
c - Sticky Flame          Conj/Fire      ###.....     12%         4    ####...


Dungeon Overview and Level Annotations

Branches:
Dungeon (3/15)

Altars:

Portals:
Sewer: D:3


Innate Abilities, Weirdness & Mutations

You are partially covered in iridescent scales. (AC +2)
Scrolls take you a little longer to read.
You do not regenerate when monsters are visible.
Your muscles are strong. (Str +2)


Message History

Drop what? 14/52 slots (_ for help) (? for menu, Esc to quit)
Drop what? 14/52 slots (_ for help) (? for menu, Esc to quit)
Okay, then.
Casting: Flame Tongue
Confirm with . or Enter, or press ? or * to list all spells.
Aiming: Flame Tongue
Press: ? - help, Shift-Dir - straight line, f - ball python
Aim: a ball python The flame tongue misses the ball python.
The ball python is engulfed in a cloud of scalding steam.
You kill the ball python!
A worm comes into view.
You enter the shallow water.
Moving in this stuff is going to be slow.
You are engulfed in a cloud of scalding steam.
Ouch! That really hurt!
You see here a ball python corpse.
You butcher the ball python corpse.
You are engulfed in a cloud of scalding steam.
You die...

######### #........
........#####.###.###
#.................#
#####.####.#)##..###..#
........##.#.##..###..##
≈≈≈≈ #.................
≈≈≈≈≈##.#######.).......
.....≈≈.# #..###....
.....≈≈@# #..# ##.##
..∩..≈≈.# #..# #.#.
.....≈≈.. #.#.
.....≈≈.## #.#.
≈≈.≈≈##.# ##..# ≈≈.≈≈
#w# ##.... ..... .≈#
##..... ##.# ### #>....(
##.##.....


You could see a worm.

Vanquished Creatures
  4 adders
  A worm (D:3)
  3 dart slugs
  2 leopard geckos (D:1)
  An orc (D:3)
  A giant cockroach (D:1)
  8 goblins
  4 hobgoblins
  2 jackals (D:3)
  3 ball pythons
  3 bats (D:1)
  3 frilled lizards
  5 kobolds
  5 rats
45 creatures vanquished.

Notes
Turn   | Place    | Note
-------+----------+-------------------------------------------
     0 | D:1      | Monsterracer the Deep Elf Fire Elementalist began the quest for the Orb.
     0 | D:1      | Reached XP level 1. HP: 10/10 MP: 6/6
   341 | D:1      | Reached XP level 2. HP: 15/15 MP: 5/8
   364 | D:1      | Gained mutation: Your muscles are strong. (Str +2) [potion of mutation]
   364 | D:1      | Gained mutation: You do not regenerate when monsters are visible. [potion of mutation]
   364 | D:1      | Gained mutation: Scrolls take you a little longer to read. [potion of mutation]
   364 | D:1      | Gained mutation: You are partially covered in iridescent scales. (AC +2) [potion of mutation]
  1193 | D:2      | Reached XP level 3. HP: 19/19 MP: 5/10
  1198 | D:2      | Learned a level 3 spell: Conjure Flame
  1478 | D:2      | Reached skill level 4 in Fire Magic
  1699 | D:2      | Reached XP level 4. HP: 24/24 MP: 8/11
  1708 | D:2      | Learned a level 4 spell: Sticky Flame
  2124 | D:3      | Found a glowing drain.
  2152 | D:3      | Engulfed by a cloud of steam

Vault maps used:
D:1:      dpeg_arrival_tiny_a, patterned_corridor
D:2:      first_bread
D:3:      lemuel_crystal_altar, nemelex_xobeh_ov_fountains_minmay,
          cheibrodos_sewer_entry_sluice, chequers_ecumenical_altar_island

Skill      XL: |  1  2  3  4 |
---------------+-------------+-----
Conjurations   | 2 3 |  3.1
Fire Magic     | 4 |  4.3
Dodging        | |  2.4
Stealth        | |  2.4
Spellcasting   | |  3.8

Action                   |  1- 3 |  4- 6 || total
-------------------------+-------+-------++-------
 Cast: Flame Tongue      |    53 |    19 ||    72
       Conjure Flame     |       |     1 ||     1
  Use: Potion            |     5 |       ||     5
  Eat: Chunk             |     2 |     1 ||     3
Armor: Robe              |     3 |     1 ||     4
Dodge: Dodged            |     4 |     6 ||    10
